 Dungeon Crawl Stone Soup version 0.29-a0-870-g2c972031a6 (webtiles) character file.

Game seed: 8570489490497953432

42028 porpoise the Warrior (level 14, -3/135 HPs)
             Began as a Hill Orc Monk on July 18, 2022.
             Was an Elder of the Shining One.
             Slain by a four-headed hydra (10 damage)
             ... on level 15 of the Dungeon.
             The game lasted 01:21:22 (22987 turns).

porpoise the Warrior (Hill Orc Monk)               Turns: 22987, Time: 01:21:23

Health: -3/135     AC: 10    Str: 19    XL:     14   Next: 18%
Magic:  18/25      EV: 13    Int: 10    God:    the Shining One [****..]
Gold:   1207       SH: 17    Dex: 13    Spells: 13/13 levels left

rFire   . . .      SeeInvis .   a - +3 trident (vorpal)
rCold   . . .      Faith    .   (no shield)
rNeg    + + .      Spirit   .   q - +0 ring mail "Timufy" {rElec rF- Will+ Slay+3}
rPois   +          Reflect  +   T - +0 helmet
rElec   +          Harm     .   W - +1 cloak {rF+}
rCorr   .          Rampage  .   (no gloves)
Will    +++..                   (no boots)
Stlth   +.........              t - amulet of reflection
HPRegen 0.32/turn               I - ring of poison resistance
MPRegen 0.19/turn               m - ring of willpower

@: divinely shielded, glowing
A: no striking features
a: Renounce Religion, Divine Shield, Cleansing Flame


You were on level 15 of the Dungeon.
You worshipped the Shining One.
The Shining One was greatly pleased with you.
You visited 3 branches of the dungeon, and saw 17 of its levels.
You also visited: Ice Cave and Volcano.

You collected 1455 gold pieces.
You spent 248 gold pieces at shops.

Inventory:

Hand Weapons
 a - a +3 vorpal trident (weapon)
 b - a +1 sling of freezing
 D - a +0 lajatang of speed
Missiles
 h - 11 poisoned darts
 H - 3 atropa-tipped darts (quivered)
 Q - 2 curare-tipped darts
Armour
 q - the +0 ring mail "Timufy" (worn) {rElec rF- Will+ Slay+3}
   (You found it on level 3 of the Dungeon)

   Slay:      It affects your accuracy & damage with ranged weapons and melee
   (+3).
   rF:        It makes you vulnerable to fire.
   rElec:     It insulates you from electricity.
   Will:      It increases your willpower.
 T - a +0 helmet (worn)
 W - a +1 cloak of fire resistance (worn)
Jewellery
 i - a ring of ice
 m - a ring of willpower (right hand)
 r - a ring of protection from fire
 t - an amulet of reflection (around neck)
 y - a ring of see invisible
 F - a +6 ring of strength
 G - a ring of ice
 I - a ring of poison resistance (left hand)
Wands
 l - a wand of digging (10)
 n - a wand of flame (18)
 x - a wand of roots (5)
 C - a wand of mindburst (8)
 K - a wand of light (1)
 P - a wand of paralysis (7)
Scrolls
 d - 3 scrolls of silence
 e - 2 scrolls of vulnerability
 g - 9 scrolls of identify
 j - 2 scrolls of fog
 o - a scroll of summoning
 p - 2 scrolls of teleportation
 s - a scroll of amnesia
 z - a scroll of immolation
 J - a scroll of enchant armour
 L - a scroll of noise
 O - 2 scrolls of blinking
 X - a scroll of poison
Potions
 c - 2 potions of ambrosia
 f - 3 potions of resistance
 u - a potion of attraction
 v - a potion of curing
 w - a potion of lignification
 A - a potion of mutation
 B - 2 potions of haste
 E - 4 potions of might
Miscellaneous
 V - a phial of floods


   Skills:
 + Level 15.2 Fighting
 - Level 14.0 Polearms
 - Level 9.0 Armour
 + Level 6.9 Dodging
 - Level 1.5 Stealth
 - Level 15.0 Invocations
 - Level 5.0 Evocations


You had 13 spell levels left.
You didn't know any spells.
Your spell library contained the following spells:

 Spells                   Type           Power      Damage    Failure   Level
 Apportation              Tloc           0%         N/A       52%         1
 Static Discharge         Conj/Air       0%         3-3/arc   65%         2
 Sublimation of Blood     Necr           0%         N/A       65%         2
 Call Canine Familiar     Summ           0%         N/A       87%         3
 Frozen Ramparts          Ice            0%         1d2       87%         3
 Portal Projectile        Hex/Tloc       0%         N/A       87%         3
 Stone Arrow              Conj/Erth      0%         3d7       87%         3
 Animate Armour           Summ/Erth      0%         N/A       99%         4
 Dispel Undead            Necr           0%         3d6       99%         4
 Ice Form                 Ice/Tmut       0%         N/A       99%         4
 Leda's Liquefaction      Hex/Erth       0%         N/A       99%         4
 Petrify                  Tmut/Erth      0%         N/A       99%         4
 Sticky Flame             Conj/Fire      0%         2d3       99%         4
 Summon Ice Beast         Ice/Summ       0%         N/A       99%         4
 Alistair's Intoxication  Tmut/Pois      0%         N/A       100%        5
 Fireball                 Conj/Fire      0%         3d3       100%        5
 Irradiate                Conj/Tmut      0%         3d11      100%        5
 Iskenderun's Battlesphe  Conj           0%         2d6       100%        5
 Conjure Ball Lightning   Conj/Air       0%         3x3d6     100%        6
 Dispersal                Tloc           0%         N/A       100%        6
 Orb of Destruction       Conj           0%         9d5       100%        7
 Discord                  Hex            0%         N/A       100%        8
 Disjunction              Tloc           0%         N/A       100%        8
 Lehudib's Crystal Spear  Conj/Erth      0%         10d2      100%        8


Dungeon Overview and Level Annotations

Branches:
Dungeon (15/15)            Temple (1/1) D:5            Lair (1/5) D:9
    Orc (0/2) D:12         Vaults (0/5) D:13          IceCv (visited)
Volcano (visited)
 Depths: D:15

Altars:
Ashenzari
Cheibriados
Dithmenos
Elyvilon
Fedhas
Gozag
Hepliaklqana
Kikubaaqudgha
Makhleb
Nemelex Xobeh
Okawaru
Qazlal
Ru
Sif Muna
Trog
Uskayaw
Vehumet
Wu Jian
Xom
Yredelemnul
Zin
The Shining One

Shops:
D:4 *

Portals:
Trove: D:13 (show slimy rune of Zot)

Annotations:
D:10 exclusion: upstairs
D:15 3 runed translucent doors, Kyghewu's ghost, adept GrFi


Message History

You feel much better.
The salamander hits you from afar with a +0 trident.
* * * LOW HITPOINT WARNING * * *
You are engulfed in flames!
* * * LOW HITPOINT WARNING * * *
You block the four-headed hydra's attack.
The four-headed hydra bites you but does no damage.
You block the four-headed hydra's attack.
The four-headed hydra bites you but does no damage.
Unknown command.
Unknown command.
Blink to where?
Press: ? - help, Dir - move target A shock serpent comes into view.
As you read the scroll of blinking, it crumbles to dust.
The shock serpent hisses angrily.
You are too injured to fight recklessly!
Aiming: Bolt of Light
Press: ? - help, Shift-Dir - straight line, f - salamander
Aim: a salamander, wielding a +0 trident (almost dead, 84% to hit)
The bolt of light hits the four-headed hydra!
The four-headed hydra is heavily wounded.
The four-headed hydra is blinded.
The bolt of light hits the salamander!!
You kill the salamander!
The shock serpent changes into a sea snake!
You hit the four-headed hydra.
The four-headed hydra is heavily wounded.
You hit the four-headed hydra.
The four-headed hydra is heavily wounded.
The sea snake changes into a wolf spider!
The four-headed hydra bites you!
* * * LOW HITPOINT WARNING * * *
The four-headed hydra barely misses you.
The four-headed hydra misses you. The four-headed hydra bites you.
* * * LOW HITPOINT WARNING * * *
You puncture the four-headed hydra!
The four-headed hydra is severely wounded.
The four-headed hydra closely misses you.
The four-headed hydra bites you!
You die...

#.#######...#####.#.#.##.
#.....................##.
#########...#####.#......
##.## #.####### ### #.#
#.# # ######.##### #
#####..........# ##
###### #@...#########.#
.###....#
####D.โ‰ˆ...โ‰ˆ.# ##.###
.##..##'##
#.......#s.....#.....
....##...##
#.####.####.#####.##.
.#.##.....### #..# #
#.##. .###.#...#.##
#โ‰ˆ)# #.##.
.##.8.8.8.8รท######...
..##.
.#...........#..###.##
####. .+...........'..#
..# ##


You could see a four-headed hydra (blind) and a wolf spider shaped shifter.

Vanquished Creatures
  Agnes (D:14)
  8 hydras
  A boulder beetle (Lair:1)
  4 centaur warriors
  3 two-headed ogres
  Erica (D:11)
  A hell knight (Volcano)
  A deep elf knight (D:13)
  A fire crab (shapeshifter) (D:14)
  Amaemon (Lair:1)
  A harpy (shapeshifter) (D:13)
  A lindwurm (Lair:1)
  An orc knight (D:12)
  A deep elf zephyrmancer (D:13)
  2 deep elf pyromancers (D:15)
  4 cyclopes
  A manticore (D:15)
  8 ugly things
  A salamander (D:15)
  Joseph (D:8)
  2 molten gargoyles (Volcano)
  3 cane toads (Lair:1)
  An orange demon (Lair:1)
  2 kobold demonologists
  2 centaur skeletons (D:13)
  Maggie (D:7)
  6 yaktaurs
  A komodo dragon (Lair:1)
  A polar bear (Lair:1)
  5 trolls
  Prince Ribbit (D:8)
  5 slime creatures (D:13)
  A blink frog (Lair:1)
  A vampire (D:12)
  A shadow (D:10)
  4 wyverns
  A wraith (D:14)
  7 fire bats (Volcano)
  4 basilisks
  A human (D:12)
  8 yaks
  6 vampire mosquitoes (D:14)
  2 steam dragons
  Edmund (D:5)
  3 water moccasins
  3 acid dragons
  5 orc warriors
  4 black bears
  2 wolves (Lair:1)
  10 centaurs
  2 ogres
  A phantom (D:5)
  3 kobold brigands
  5 bullfrogs
  2 necrophages (D:7)
  2 gnoll sergeants (D:8)
  3 scorpions
  9 killer bees
  2 elephant simulacra (IceCv)
  9 howler monkeys
  4 hounds
  5 lava snakes (Volcano)
  3 jellies
  2 gnoll boudas
  11 orc priests
  2 iguanas
  15 orc wizards
  3 polar bear simulacra (IceCv)
  5 adders
  17 gnolls
  2 shadow imps
  2 white imps
  An ufetubus (D:4)
  3 worms
  4 dart slugs
  46 orcs
  5 bats
  9 endoplasms
  A giant cockroach (D:4)
  11 goblins
  7 hobgoblins
  4 jackals (D:5)
  5 quokkas
  7 ball pythons
  A frilled lizard (D:2)
  15 kobolds
365 creatures vanquished.

Vanquished Creatures (collateral kills)
  A centaur warrior (D:13)
  A skeletal warrior (D:13)
  A deep elf pyromancer (D:13)
  2 centaur skeletons (D:13)
  A centaur (D:13)
6 creatures vanquished.

Vanquished Creatures (others)
  20 fungi
  27 plants
47 creatures vanquished.

Grand Total: 418 creatures vanquished

Notes
Turn   | Place    | Note
-------+----------+-------------------------------------------
     0 | D:1      | porpoise the Hill Orc Monk began the quest for the Orb.
     0 | D:1      | Reached XP level 1. HP: 19/19 MP: 1/1
   255 | D:1      | Reached XP level 2. HP: 27/27 MP: 2/2
   969 | D:2      | Reached XP level 3. HP: 22/33 MP: 3/3
  1124 | D:2      | You fall into a shaft and drop 1 floor!
  1148 | D:2      | Found a faded altar of an unknown god.
  1692 | D:2      | Reached XP level 4. HP: 41/41 MP: 4/4
  2044 | D:3      | Identified the +0 ring mail "Timufy" {rElec rF- Will+
                  | Slay+3}
  2469 | D:4      | Reached skill level 5 in Polearms
  2549 | D:4      | Reached XP level 5. HP: 47/47 MP: 5/5
  2683 | D:4      | Noticed an ogre
  2695 | D:4      | Killed an ogre
  2696 | D:4      | Reached skill level 5 in Fighting
  2927 | D:4      | Reached XP level 6. HP: 56/56 MP: 6/6
  3136 | D:4      | Noticed a black bear
  3146 | D:4      | Killed a black bear
  3345 | D:4      | Found a white marble altar of Elyvilon.
  3431 | D:4      | Found Jookk's Assorted Antiques.
  3435 | D:4      | Bought a scroll of identify for 52 gold pieces
  3435 | D:4      | Bought 2 sedimented amethyst potions for 46 gold pieces
  3435 | D:4      | Bought a black potion for 23 gold pieces
  3435 | D:4      | Bought a scroll of identify for 52 gold pieces
  3435 | D:4      | Bought a red potion for 23 gold pieces
  3435 | D:4      | Bought a scroll labelled TEPPU ZACASTRU for 26 gold pieces
  3435 | D:4      | Bought a scroll labelled TEUGU JEPU for 26 gold pieces
  3531 | D:5      | Entered Level 5 of the Dungeon
  3807 | D:5      | Noticed a black bear
  3815 | D:5      | Killed a black bear
  3816 | D:5      | Reached XP level 7. HP: 34/63 MP: 7/7
  4225 | D:5      | Found a staircase to the Ecumenical Temple.
  4230 | Temple   | Entered the Ecumenical Temple
  4396 | Temple   | Became a worshipper of the Shining One
  4396 | Temple   | Reached * piety under the Shining One
  4396 | Temple   | Reached ** piety under the Shining One
  4560 | D:5      | Noticed Edmund
  4582 | D:5      | Killed Edmund
  4583 | D:5      | Reached XP level 8. HP: 49/73 MP: 8/8
  5278 | D:6      | Reached skill level 1 in Armour
  5622 | D:6      | Reached skill level 10 in Polearms
  6327 | D:7      | Reached skill level 1 in Invocations
  6454 | D:7      | Reached XP level 9. HP: 79/79 MP: 10/10
  7451 | D:7      | Reached skill level 5 in Armour
  7727 | D:7      | Noticed Maggie
  7750 | D:7      | Killed Maggie
  7751 | D:7      | Reached skill level 5 in Invocations
  8106 | D:7      | Found a basalt altar of Yredelemnul.
  8131 | D:7      | Found a burning altar of Makhleb.
  8135 | D:7      | Found an iron altar of Okawaru.
  8372 | D:8      | Reached XP level 10. HP: 84/86 MP: 14/14
  8404 | D:8      | Noticed Prince Ribbit
  8420 | D:8      | Killed Prince Ribbit
  8555 | D:8      | Noticed Joseph
  8579 | D:8      | Killed Joseph
  9197 | D:9      | Noticed a kobold demonologist
  9202 | D:9      | Noticed a smoke demon
  9206 | D:9      | Killed a kobold demonologist
  9314 | D:9      | Found an ancient bone altar of Kikubaaqudgha.
  9777 | D:9      | Found a staircase to the Lair.
  9978 | D:9      | Found a sparkling altar of Nemelex Xobeh.
 10056 | D:10     | Entered Level 10 of the Dungeon
 10513 | D:10     | Noticed a kobold demonologist
 10518 | D:10     | Killed a kobold demonologist
 10519 | D:10     | Reached skill level 1 in Evocations
 10565 | D:10     | Reached XP level 11. HP: 92/92 MP: 16/16
 10880 | Lair:1   | Entered Level 1 of the Lair of Beasts
 10892 | Lair:1   | Reached skill level 5 in Dodging
 11088 | Lair:1   | Noticed Amaemon
 11116 | Lair:1   | Killed Amaemon
 11116 | Lair:1   | Reached *** piety under the Shining One
 11219 | Lair:1   | Noticed a lindwurm
 11240 | Lair:1   | Reached skill level 5 in Evocations
 11259 | Lair:1   | Killed a lindwurm
 11410 | Lair:1   | Found a dark tunnel.
 11417 | Volcano  | Entered a volcano
 11683 | Volcano  | Found a burning altar of Makhleb.
 11683 | Volcano  | Noticed a centaur warrior
 11692 | Volcano  | Killed a centaur warrior
 11995 | Volcano  | Noticed a hell knight
 12003 | Volcano  | Killed a hell knight
 12004 | Volcano  | Reached skill level 10 in Fighting
 13023 | Lair:1   | Noticed a boulder beetle
 13033 | Lair:1   | Reached skill level 10 in Invocations
 13033 | Lair:1   | Reached XP level 12. HP: 78/107 MP: 19/19
 13039 | Lair:1   | Noticed a five-headed hydra
 13041 | Lair:1   | HP: 1/107 [boulder beetle (23)]
 13581 | Lair:1   | Killed a boulder beetle
 13664 | Lair:1   | Killed a five-headed hydra
 14086 | Lair:1   | Noticed a four-headed hydra
 14093 | Lair:1   | Killed a four-headed hydra
 14400 | D:11     | Noticed a two-headed ogre
 14409 | D:11     | Killed a two-headed ogre
 14423 | D:11     | Noticed Erica
 14454 | D:11     | Killed Erica
 14621 | D:11     | Noticed a centaur warrior
 14634 | D:11     | Killed a centaur warrior
 14851 | D:11     | Noticed an eight-headed hydra
 14852 | D:11     | Found a frozen archway.
 14861 | IceCv    | Entered an ice cave
 14874 | IceCv    | Reached **** piety under the Shining One
 15227 | D:11     | Noticed a six-headed hydra
 15239 | D:11     | Killed a six-headed hydra
 15260 | D:11     | Killed an eight-headed hydra
 15681 | D:11     | Noticed a two-headed ogre
 15691 | D:11     | Killed a two-headed ogre
 16242 | D:12     | Found a staircase to the Orcish Mines.
 16369 | D:12     | Reached XP level 13. HP: 44/122 MP: 22/22
 17401 | D:13     | Found a hide-covered altar of Uskayaw.
 18567 | D:13     | Found a portal to a secret trove of treasure.
 19226 | D:13     | Reached ***** piety under the Shining One
 19276 | D:13     | HP: 6/124 [yaktaur/bolt (14)]
 19290 | D:13     | Reached skill level 15 in Invocations
 20022 | D:13     | Found a gate to the Vaults.
 20776 | D:14     | Noticed Agnes
 20923 | D:14     | Killed Agnes
 21281 | D:14     | Reached XP level 14. HP: 126/133 MP: 25/25
 22111 | D:15     | Entered Level 15 of the Dungeon
 22565 | D:15     | Found a runed translucent gate.
 22565 | D:15     | Found a runed translucent gate.
 22565 | D:15     | Found a runed translucent gate.
 22569 | D:15     | Noticed Kyghewu's ghost (adept GrFi)
 22590 | D:15     | Found an iron altar of Okawaru.
 22654 | D:15     | Reached skill level 15 in Fighting
 22987 | D:15     | Slain by a four-headed hydra

Illustrated notes

Levels and vault maps discovered:
D:1:      roderic_dead_forest, layout_basic, serial_forest,
          infiniplex_forest_straight_4, infiniplex_forest_clump_long,
          infiniplex_forest_lined_2, infiniplex_forest_end_2,
          infiniplex_forest_clump_tiny, minmay_ruptured
D:2:      layout_basic, basic_ecumenical_altar
D:3:      layout_basic, serial_bayou_lagoon_b
D:4:      layout_loops_ring, mainiacjoe_overflow_six_doors_small, serial_shops,
          kennysheep_mini, st_stairs_1
D:5:      layout_loops_cross, temple_doors_cd, hangedman_decor_lopped,
          chequers_serial_rivers_small_b, uniq_edmund
D:6:      layout_gridville, solitary_fountain
D:7:      layout_basic, minmay_overflow_temple_star_quad, enter_bailey_3,
          uniq_maggie
D:8:      layout_basic, dreamdust_mushroom_princess, kennysheep_generic_room_7,
          uniq_prince_ribbit1, uniq_joseph
D:9:      kennysheep_blocky_hall, layout_gridville, mainiacjoe_overflow_swirl,
          dpeg_oklobed_lair, serial_park_tiny_2
D:10:     layout_stronghold
D:11:     layout_cave_pools, portal_ice_cave_entry_pillars_2, uniq_erica
D:12:     layout_irregular_city, erik_orc_4
D:13:     layout_stronghold, hangedman_vaults_entry_quadrant_bands,
          nicolae_trove_entry_diagonal, dancing_weapons_uskayaw
D:14:     layout_layer_cave, minmay_misc_feat_plants, uniq_agnes
D:15:     hangedman_depths_entry_try_elsewhere_first, layout_loops_corners,
          dk_noncrumbling_3, gammafunk_ghost_fury_of_okawaru
Temple:   eino_temple_rhombus
Lair:1:   layout_hall_layers, nicolae_volcano_entry_vermiform,
          serial_bayou_pond_c, nzn_random_ring, uniq_amaemon

Skill      XL: |  1  2  3  4  5  6  7  8  9 10 11 12 13 14 |
---------------+-------------------------------------------+-----
Fighting       | 4 5 6 7 10 13 14 15 | 15.2
Polearms       | 4 5 6 7 8 10 12 14 | 14.0
Armour         | 3 5 7 9 |  9.0
Invocations    | 1 5 7 10 12 15 | 15.0
Dodging        | 4 5 6 |  6.9
Evocations     | 2 5 |  5.0
Stealth        | |  1.5

Action                   |  1- 3 |  4- 6 |  7- 9 | 10-12 | 13-15 || total
-------------------------+-------+-------+-------+-------+-------++-------
Melee: Spear             |   135 |   157 |    68 |       |       ||   360
       Punch             |     1 |     1 |     3 |     6 |     5 ||    16
       Trident           |       |       |   254 |   542 |   281 ||  1077
 Fire: Sling             |       |    28 |    25 |    64 |    32 ||   149
       Shortbow          |       |       |       |     9 |       ||     9
Throw: Dart              |       |       |       |     2 |       ||     2
Invok: Divine Shield     |       |       |     1 |     1 |     2 ||     4
       Cleansing Flame   |       |       |       |     3 |     2 ||     5
       Summon Divine War |       |       |       |       |     1 ||     1
Evoke: Wand              |       |       |       |    21 |     4 ||    25
  Use: Scroll            |       |    12 |     2 |    12 |     3 ||    29
       Potion            |       |     1 |     2 |     9 |     2 ||    14
 Stab: Sleeping          |     2 |       |       |       |       ||     2
Armor: Ring mail         |    23 |    35 |    53 |    85 |    97 ||   293
       Robe              |     1 |       |       |       |       ||     1
       Scale mail        |       |       |       |    18 |       ||    18
Dodge: Dodged            |    54 |    61 |    86 |   156 |   155 ||   512
Block: Other             |       |    16 |    46 |    82 |    84 ||   228
       Reflection        |       |       |       |     6 |     5 ||    11

Table legend: (Time is in decaauts)
 A = Elapsed time spent in this place.
 B = Non-inter-level travel time spent in this place.
 C = Inter-level travel time spent in this place.
 D = Time resting spent in this place.
 E = Time spent auto-exploring this place.
 F = Levels seen in this place.
 G = Mean time per level.
                   A        B        C        D        E       F      G
               +--------+--------+--------+--------+--------+-----+--------+
         Total |  22578 |  21719 |    859 |   8657 |   9644 |  19 | 1188.3 |
       Dungeon |  18690 |  17965 |    725 |   6661 |   8794 |  15 | 1246.0 |
        Temple |    182 |    153 |     29 |      0 |    141 |   1 |  182.0 |
          Lair |   2417 |   2313 |    104 |   1075 |    709 |   1 | 2417.0 |
      Ice Cave |    346 |    346 |      0 |    219 |      0 |   1 |  346.0 |
       Volcano |    941 |    941 |      0 |    702 |      0 |   1 |  941.0 |
               +--------+--------+--------+--------+--------+-----+--------+

Top non-repeatable levels by time:
    D:13: 3380 daAuts
  Lair:1: 2417 daAuts
     D:8: 1494 daAuts
    D:12: 1346 daAuts
    D:14: 1266 daAuts
    D:11: 1240 daAuts
     D:2: 1223 daAuts
     D:5: 1222 daAuts
     D:4: 1192 daAuts
     D:7: 1142 daAuts
     D:6: 1122 daAuts
     D:9: 1099 daAuts
 Volcano: 941 daAuts
    D:15: 851 daAuts
    D:10: 778 daAuts
